 Dungeon Crawl Stone Soup version 0.21.1-1-g345015f (webtiles) character file.

136 Lilu the Conjurer (level 4, -2/24 HPs)
             Began as a Deep Elf Conjurer on July 25, 2018.
             Killed by divine providence
             ... invoked by an orc priest
              (14 damage)
             ... on level 3 of the Dungeon.
             The game lasted 00:11:00 (2907 turns).

Lilu the Conjurer (Deep Elf Conjurer)               Turns: 2907, Time: 00:11:01

Health: -2/24      AC:  2    Str:  6    XL:     4   Next: 98%
Magic:  2/10       EV: 13    Int: 20    God:
Gold:   144        SH:  0    Dex: 15    Spells: 2/9 levels left

rFire    x . .     SeeInvis .   j - +0 short sword
rCold    + . .     Gourm    .   (no shield)
rNeg     . . .     Faith    .   a - +0 robe
rPois    .         Spirit   .   (no helmet)
rElec    .         Reflect  .   (no cloak)
rCorr    .         Harm     .   (no gloves)
MR       .....                  (no boots)
Stlth    ++........             (no amulet)
HPRegen  0.08/turn              h - ring of ice
MPRegen  0.12/turn              (no ring)

@: no status effects
A: no striking features
a: no special abilities


You were on level 3 of the Dungeon.
You were hungry.

You visited 1 branch of the dungeon, and saw 3 of its levels.

You collected 144 gold pieces.

Inventory:

Hand Weapons
 j - a +0 short sword (weapon)
Missiles
 e - 70 stones (quivered)
 k - 5 needles of confusion
Armour
 a - a +0 robe (worn)
Jewellery
 h - a ring of ice (left hand)
Scrolls
 g - a scroll of fog {unknown}
 i - 2 scrolls of remove curse {unknown}
 l - 2 scrolls of amnesia {unknown}
 n - 2 scrolls of noise {unknown}
 o - 2 scrolls of identify {unknown}
 p - a scroll of fear {unknown}
 s - a scroll of teleportation {unknown}
 t - a scroll of blinking {unknown}
Potions
 f - 2 potions of heal wounds {unknown}
 q - a potion of degeneration {unknown}
 r - a potion of curing {unknown}
 u - a potion of lignification {unknown}
Books
 b - a book of Conjurations

   Spells                             Type                      Level
   a - Magic Dart                     Conjuration                  1
   b - Searing Ray                    Conjuration                  2
   c - Dazzling Spray                 Conjuration/Hexes            3
   d - Fulminant Prism                Conjuration/Hexes            4
   e - Force Lance                    Conjuration/Translocation    4
   f - Iskenderun's Mystic Blast      Conjuration                  4
 m - a book of Maledictions

   Spells                             Type                      Level
   a - Corona                         Hexes                        1
   b - Ensorcelled Hibernation        Hexes/Ice                    2
   c - Confuse                        Hexes                        3
   d - Tukima's Dance                 Hexes                        3
   e - Dazzling Spray                 Conjuration/Hexes            3
Comestibles
 c - 3 rations
 d - 3 chunks of flesh


   Skills:
 - Level 2.4 Dodging
 - Level 2.4 Stealth
 - Level 3.0 Spellcasting
 + Level 7.0 Conjurations


You had 2 spell levels left.
You knew the following spells:

 Your Spells              Type           Power        Failure   Level  Hunger
a - Magic Dart            Conj           ####         1%          1    None
b - Searing Ray           Conj           ####..       1%          2    ##.....
c - Iskenderun's Mystic   Conj           ####....     8%          4    ####...


Dungeon Overview and Level Annotations

Branches:
Dungeon (3/15)

Altars:
Fedhas


Message History

Aiming: Iskenderun's Mystic Blast
Press: ? - help, Shift-Dir - straight line, f - orc priest
Aim: an orc priest, wielding a club (hasn't noticed you)
The orb of energy hits the orc priest.
The orc priest is heavily wounded.
The orc priest shouts!
The orc priest invokes the aid of Beogh against you.
Beogh smites you!
Ouch! That really hurt!
Casting: Iskenderun's Mystic Blast
Confirm with . or Enter, or press ? or * to list all spells.
Aiming: Iskenderun's Mystic Blast
Press: ? - help, Shift-Dir - straight line, f/p - orc priest
Aim: an orc priest, wielding a club (heavily wounded)
The orb of energy misses the orc priest.
You are feeling hungry.
The orc priest invokes the aid of Beogh against you.
Beogh smites you!
Ouch! That really hurt!
You die...

#.# ..........### #.#
...# ........#.##. #.#
...# #########..#. #.#
..### ....##.#. #.# ....#
.......... ##.##.. #.#.#
.......... .#.##.# #.#.#
.....##...
.#.##.#########.#<# .....
#... .#.#.......)o...@##
.... #.o.
.#.#........###..# # ...
#... .#.#........#
#..##.###.## ....
.#)#........# #.......#
o.... ............#
##.#.##.# .o....
...##..)....####.#.##.###
####.............# .....#
#........#########.#.#
#........#...........#


You could see an orc priest.

Vanquished Creatures
  5 adders
  An ooze (D:3)
  A worm (D:3)
  A dart slug (D:2)
  4 leopard geckos
  4 orcs (D:3)
  3 giant cockroaches
  12 goblins
  7 hobgoblins
  4 jackals (D:1)
  5 kobolds
  A quokka (D:2)
  5 bats
  3 frilled lizards
  18 rats
74 creatures vanquished.

Notes
Turn   | Place    | Note
-------+----------+-------------------------------------------
     0 | D:1      | Lilu the Deep Elf Conjurer began the quest for the Orb.
     0 | D:1      | Reached XP level 1. HP: 10/10 MP: 6/6
   128 | D:1      | Reached XP level 2. HP: 15/15 MP: 4/8
   162 | D:1      | Reached skill level 5 in Conjurations
   227 | D:1      | Learned a level 2 spell: Searing Ray
   543 | D:1      | Reached XP level 3. HP: 19/19 MP: 2/9
   600 | D:1      | You fall through a shaft!
   960 | D:1      | Reached skill level 6 in Conjurations
  1556 | D:2      | Reached XP level 4. HP: 24/24 MP: 8/10
  1604 | D:2      | Learned a level 4 spell: Iskenderun's Mystic Blast
  2572 | D:3      | Found a blossoming altar of Fedhas.
  2843 | D:3      | Reached skill level 7 in Conjurations
  2907 | D:3      | Killed from afar by an orc priest

Skill      XL: |  1  2  3  4 |
---------------+-------------+-----
Conjurations   | 5 6 7 |  7.0
Dodging        | |  2.4
Stealth        | |  2.4
Spellcasting   | |  3.0

Action                   |  1- 3 |  4- 6 || total
-------------------------+-------+-------++-------
Melee: Unarmed           |     1 |       ||     1
       Short sword       |       |     1 ||     1
 Cast: Magic Dart        |    76 |    50 ||   126
       Searing Ray       |     3 |     6 ||     9
       Iskenderun's Myst |       |     2 ||     2
  Eat: Chunk             |     2 |     4 ||     6
Armor: Robe              |     1 |       ||     1
Dodge: Dodged            |    13 |     5 ||    18
